Map: [ESL] Babylon

Players

Reynor - Winner!

  • Race: Zerg Zerg
  • League: Master
  • Spawn Location: 5:00

Solar

  • Race: Zerg Zerg
  • League: Master
  • Spawn Location: 11:00

Event: HomeStory Cup XXIII

VOD

Have the link to the VOD?

Description

Time

  • Played on: July 2, 2023, 4:40 p.m.
  • Length: 10:20

All games in this series

Show
View Real Time Build Order
Export as new Build Order

Reynor Zerg - Winner!

Build Orders: Hatch First 

Get SALT Encoding   

  12  0:00  Drone  
  13  0:12  Overlord  
  13  0:16  Drone  
  14  0:30  Drone x2  
  16  0:48  Hatchery  
  15  0:51  Drone  
  15  0:55  Drone  
  17  0:57  Drone  
  18  1:08  Extractor  
  17  1:13  Spawning Pool  
  17  1:16  Drone  
  17  1:20  Drone  
  18  1:27  Drone  
  19  1:38  Drone  
  20  1:48  Drone  
  21  2:00  Overlord, Zergling x2, Queen x2  
  26  2:10  Drone x2  
  26  2:11  Metabolic Boost  
  28  2:21  Drone x2  
  30  2:35  Hatchery  
  29  2:38  Drone  
  29  2:40  Drone  
  31  2:46  Baneling Nest  
  31  2:47  Drone  
  31  2:50  Drone  
  32  2:59  Roach Warren  
  32  3:00  Zergling x2  
  32  3:04  Overlord  
  32  3:08  Zergling x2  
  32  3:10  Zergling x2  
  34  3:15  Overlord  
  34  3:25  Evolution Chamber  
  33  3:40  Roach x6  
  45  3:42  Roach  
  45  3:47  Roach  
  49  3:50  Zergling x4  
  49  3:54  Zergling x2  
  49  3:55  Zergling x2  
  53  3:57  Zergling x2  
  54  4:03  Zergling x4  
  54  4:09  Baneling x2  
  55  4:10  Zergling x4  
  55  4:16  Overlord  
  57  4:20  Overlord  
  57  4:22  Baneling x2  
  56  4:24  Zergling x2  
  57  4:32  Overlord  
  57  4:38  Drone x4  
  57  4:40  Drone  
  57  4:43  Drone  
  57  4:44  Drone  
  64  4:49  Zergling x2, Baneling  
  64  4:51  Drone  
  65  4:54  Drone  
  65  4:55  Drone  
  65  4:59  Drone x2  
  68  5:03  Drone x2  
  68  5:05  Drone  
  71  5:10  Drone x3  
  71  5:12  Drone  
  74  5:18  Drone x2  
  74  5:20  Zerg Missile Weapons Level 1  
  76  5:23  Drone  
  76  5:27  Overlord  
  77  5:29  Drone x4  
  77  5:31  Extractor, Drone  
  77  5:32  Extractor  
  77  5:35  Extractor  
  79  5:36  Drone x2  
  79  5:42  Drone  
  82  5:43  Overlord  
  82  5:45  Lair  
  82  5:47  Queen  
  82  5:49  Drone  
  85  5:51  Drone  
  85  5:52  Drone  
  85  5:53  Drone  
  85  5:56  Drone x2  
  90  5:58  Overlord  
  90  6:01  Overlord  
  90  6:04  Drone x2  
  90  6:09  Roach x3  
  96  6:15  Drone x2  
  98  6:20  Roach  
  98  6:23  Drone x2  
  98  6:24  Drone  
  98  6:25  Drone x2  
  103  6:26  Queen  
  103  6:28  Extractor x2  
  104  6:33  Overlord  
  104  6:35  Drone  
  104  6:36  Drone x2  
  104  6:39  Roach x2  
  111  6:43  Roach  
  111  6:45  Overseer  
  113  6:47  Glial Reconstitution  
  113  6:48  Drone  
  113  6:49  Hatchery  
  113  6:50  Roach, Hydralisk Den  
  113  6:54  Overlord  
  114  6:56  Roach x3  
  114  6:59  Roach  
  122  7:01  Overlord  
  122  7:04  Overlord  
  122  7:05  Overlord  
  122  7:11  Overlord  
  122  7:14  Zerg Missile Weapons Level 2  
  124  7:15  Roach  
  124  7:16  Roach x2  
  124  7:17  Overlord  
  124  7:20  Overlord  
  124  7:21  Roach  
  130  7:25  Roach x2  
  134  7:31  Pneumatized Carapace  
  134  7:32  Roach x3  
  134  7:36  Roach x3  
  145  7:45  Roach x5  
  145  7:49  Roach x3  
  161  7:53  Roach  
  161  7:58  Ravager x2  
  165  8:02  Roach x4  
  173  8:06  Overlord  
  173  8:07  Roach x3  
  177  8:13  Roach x3  
  177  8:16  Overlord  
  183  8:25  Roach x5  
  191  8:30  Roach x2  
  191  8:31  Roach  
  191  8:33  Roach x2  
  185  8:36  Roach x2  
  173  8:44  Roach  
  173  8:45  Roach  
  173  8:47  Roach x4  
  164  8:53  Roach  
  158  8:56  Roach  
  158  8:57  Overseer  
  158  8:58  Roach x4  
  166  9:04  Ravager x3  
  166  9:05  Ravager  
  166  9:06  Roach x3  
  176  9:10  Roach  
  176  9:12  Roach  
  176  9:16  Roach x3  
  184  9:18  Ravager  
  184  9:22  Ravager  
  184  9:24  Roach x2  
  190  9:28  Roach x4  
  190  9:30  Overlord  
  187  9:39  Roach x6  
  187  9:40  Overlord  
  199  9:51  Extractor  
  199  9:52  Overlord  
  198  9:54  Overlord  
Show
View Real Time Build Order
Export as new Build Order

Solar Zerg 

Build Orders: Hatch First 

Get SALT Encoding   

  12  0:00  Drone  
  13  0:12  Overlord  
  13  0:17  Drone  
  14  0:31  Drone x2  
  16  0:48  Hatchery  
  15  0:52  Drone  
  15  0:55  Drone  
  17  0:58  Drone  
  18  1:10  Extractor  
  17  1:14  Spawning Pool  
  17  1:17  Drone  
  17  1:20  Drone  
  18  1:28  Drone  
  19  1:39  Drone  
  20  1:50  Drone  
  21  2:00  Queen x2  
  25  2:01  Zergling x2  
  25  2:02  Overlord  
  26  2:11  Drone x2  
  26  2:12  Metabolic Boost  
  28  2:22  Drone x2  
  30  2:34  Hatchery  
  30  2:36  Zergling x2  
  30  2:43  Queen  
  32  2:49  Baneling Nest  
  31  2:51  Drone  
  31  2:56  Overlord  
  32  2:59  Drone  
  32  3:01  Drone  
  35  3:05  Drone x2  
  36  3:16  Drone x3  
  36  3:18  Zergling x4  
  41  3:20  Drone  
  41  3:22  Zergling x2  
  41  3:26  Overlord  
  43  3:31  Evolution Chamber  
  43  3:33  Baneling  
  42  3:34  Drone  
  42  3:35  Drone  
  44  3:46  Drone x2  
  44  3:47  Drone x2  
  48  3:51  Overlord  
  48  3:54  Zergling x2  
  49  3:58  Zergling x4  
  49  3:59  Zerg Ground Armor Level 1  
  49  4:01  Drone x2  
  52  4:03  Drone  
  52  4:09  Roach Warren  
  52  4:14  Spine Crawler  
  52  4:16  Zergling x4  
  52  4:17  Zergling x2  
  53  4:21  Zergling x4  
  53  4:23  Zergling x2  
  55  4:25  Zergling x2  
  55  4:26  Zergling x2  
  57  4:31  Evolution Chamber  
  57  4:33  Zergling x2  
  57  4:34  Zergling x2  
  57  4:35  Spine Crawler  
  56  4:41  Zergling x6  
  56  4:44  Overlord  
  58  4:47  Zergling x2  
  58  4:48  Zergling x2  
  55  4:56  Roach x3  
  61  5:02  Extractor  
  61  5:03  Extractor, Baneling x2  
  61  5:04  Roach x2  
  63  5:07  Overlord  
  60  5:16  Overlord  
  60  5:28  Hatchery  
  60  5:29  Overlord  
  60  5:30  Drone x4  
  60  5:31  Drone x2  
  65  5:35  Queen  
  65  5:37  Lair  
  65  5:40  Drone  
  65  5:41  Drone  
  69  5:45  Roach  
  71  5:51  Extractor  
  71  5:53  Zerg Missile Weapons Level 1  
  71  5:55  Drone x3  
  71  5:56  Drone  
  74  5:58  Roach  
  76  6:11  Drone x3  
  76  6:12  Drone x2  
  76  6:14  Overlord  
  76  6:16  Roach  
  83  6:23  Drone x3  
  86  6:29  Roach x2  
  90  6:36  Glial Reconstitution  
  90  6:37  Roach x2  
  94  6:41  Drone x4  
  97  6:49  Extractor, Drone  
  97  6:52  Drone x4, Overseer  
  101  6:54  Hatchery  
  101  6:59  Drone  
  101  7:03  Spire, Overlord  
  101  7:04  Extractor  
  101  7:07  Drone x2  
  101  7:13  Drone x2  
  101  7:14  Drone x2  
  101  7:15  Drone, Overlord  
  106  7:18  Overlord  
  107  7:23  Roach x3  
  107  7:24  Overlord  
  107  7:26  Overlord  
  107  7:29  Overlord  
  112  7:32  Overlord  
  112  7:34  Roach  
  114  7:37  Roach x2  
  114  7:43  Roach  
  120  7:47  Roach x2  
  120  7:48  Roach x2  
  120  7:49  Overlord  
  120  7:50  Roach x3  
  134  7:53  Ravager  
  134  7:54  Ravager x4  
  134  7:56  Ravager  
  134  7:57  Roach  
  134  7:58  Roach  
  144  8:01  Roach x2  
  144  8:04  Roach  
  150  8:07  Roach x2  
  150  8:11  Overlord  
  153  8:15  Roach x2  
  153  8:17  Roach x3  
  163  8:20  Roach x2  
  163  8:22  Ravager  
  163  8:24  Roach  
  165  8:30  Roach  
  165  8:31  Roach x2  
  165  8:32  Roach  
  165  8:33  Roach  
  166  8:35  Roach x2  
  166  8:37  Roach  
  166  8:38  Roach  
  156  8:42  Roach x2  
  156  8:44  Roach x2  
  156  8:48  Roach  
  142  8:50  Roach x3  
  142  8:55  Ravager  
  144  8:57  Ravager x2  
  144  9:01  Hatchery  
  144  9:02  Roach  
  146  9:05  Roach, Ravager x2  
  146  9:07  Ravager  
  146  9:08  Roach  
  152  9:11  Roach  
  152  9:13  Roach x2  
  152  9:16  Roach  
  157  9:19  Roach x2  
  157  9:25  Roach  
  157  9:26  Roach  
  157  9:28  Roach  
  159  9:33  Roach  
  159  9:34  Roach x2  
  159  9:36  Overlord  
  160  9:43  Roach x2  
  164  9:53  Roach x5  
  164  9:57  Hatchery  
  176  10:00  Roach x2  
Tags
 
Add a new tag
Caveats
  • Supply blocks, unpowered buildings, or Contaminate may cause inaccurate times.
  • Supply counts are checked every 10 seconds.